 Dungeon Crawl Stone Soup version 0.28-a0-474-g535839065c (webtiles) character file.

Game seed: 17957109413644167109

1367 siradein the Magician (level 8, -9/41 HPs)
             Began as a Deep Elf Conjurer on Sept 15, 2021.
             Was an Initiate of Gozag.
             Killed by an exploding fulminant prism (15 damage)
             ... on level 4 of the Dungeon on Sept 16, 2021.
             The game lasted 00:20:31 (6219 turns).

siradein the Magician (Deep Elf Conjurer)           Turns: 6219, Time: 00:20:31

Health: -9/41      AC:  5    Str:  4    XL:     8   Next: 38%
Magic:  6/21       EV: 14    Int: 32    God:    Gozag
Gold:   88         SH:  0    Dex: 13    Spells: 8/22 levels left

rFire   . . .      SeeInvis .   d - +1 dagger (speed)
rCold   . . .      Faith    .   (no shield)
rNeg    . . .      Spirit   .   m - +1 robe of Proximity {Rampage Int+6}
rPois   .          Reflect  .   f - +0 helmet
rElec   .          Harm     .   i - +0 cloak
rCorr   .          Rampage  +   (no gloves)
Will    .....                   (no boots)
Stlth   ++........              (no amulet)
HPRegen 0.13/turn               (no ring)
MPRegen 0.17/turn               (no ring)

@: no status effects
A: no striking features
a: Renounce Religion, Potion Petition, Call Merchant, Bribe Branch


You were on level 4 of the Dungeon.
You worshipped Gozag.
Gozag was noncommittal.
You visited 2 branches of the dungeon, and saw 6 of its levels.
You also visited: Ossuary.

You collected 135 gold pieces.
You paid 47 gold pieces to Gozag.

Inventory:

Hand Weapons
 d - a +1 dagger of speed (weapon)
Armour
 f - a +0 helmet (worn)
 i - a +0 cloak (worn)
 m - the +1 robe of Proximity (worn) {Rampage Int+6}
   (You found it on level 4 of the Dungeon)

   Int:       It affects your intelligence (+6).
   Rampage:   It bestows one free step when moving towards enemies.
Wands
 r - a wand of charming (7)
Scrolls
 a - 5 scrolls of magic mapping
 b - a scroll of amnesia {unknown}
 c - 3 scrolls of teleportation
 e - 3 scrolls of noise {unknown}
 k - 3 scrolls of enchant armour {unknown}
 q - 4 scrolls of immolation {unknown}
Potions
 g - 2 potions of brilliance
 h - 2 potions of degeneration {unknown}
 j - a potion of curing {unknown}
 l - 2 potions of lignification
 n - 2 potions of haste {unknown}
 o - 2 potions of might
 p - a potion of flight {unknown}


   Skills:
 + Level 6.8 Dodging
 - Level 2.4 Stealth
 + Level 7.6 Spellcasting
 + Level 7.4 Conjurations
 + Level 5.4 Hexes


You had 8 spell levels left.
You knew the following spells:

 Your Spells              Type           Power      Damage    Failure   Level
a - Magic Dart            Conj           100%       1d8       1%          1
b - Searing Ray           Conj           100%       2d8       1%          2
c - Dazzling Flash        Conj/Hex       100%       N/A       1%          3
d - Fulminant Prism       Conj/Hex       26%        3d14      2%          4
e - Iskenderun's Mystic   Conj/Tloc      36%        2d9       9%          4

Your spell library contained the following spells:

 Spells                   Type           Power      Damage    Failure   Level
 Slow                     Hex            46%        N/A       1%          2
 Confusing Touch          Hex            46%        N/A       1%          3
 Yara's Violent Unravell  Hex/Tmut       14%        3d7       34%         5


Dungeon Overview and Level Annotations

Branches:
Dungeon (5/15)             Temple (1/1) D:5         Ossuary (visited)

Altars:
Cheibriados
Gozag
Hepliaklqana
Kikubaaqudgha
Makhleb
Okawaru
Qazlal
Ru
Sif Muna
Uskayaw
Yredelemnul
The Shining One


Message History

The gnoll is moderately wounded. (Press . to maintain the ray.)
The searing ray hits the gnoll!
You kill the gnoll!
Casting: Searing Ray (safe; 1% risk of failure)
Confirm with . or Enter, or press ? or * to list all spells.
Restarting spell: Searing Ray (safe; 1% risk of failure)
Press: ? - help, Shift-Dir - straight line, f - ogre
Aim: an ogre, wielding a +0 giant club (92% to hit)
The searing ray hits the ogre!
The ogre is moderately wounded. (Press . to maintain the ray.)
A gnoll comes into view. It is wielding a +0 halberd.
The searing ray misses the ogre.
The ogre hits you with a +0 giant club!
The gnoll is distracted by your dazzling golden aura.
You climb upwards.
There is a stone staircase leading down here.
The ogre barely misses you.
Casting: Searing Ray (safe; 1% risk of failure)
Confirm with . or Enter, or press ? or * to list all spells.
Casting: Dazzling Flash (safe; 1% risk of failure)
Press: ? - help, Dir - look around, f - activate The ogre is dazzled.
The ogre is no longer blind.
The ogre misses you.
Casting: Dazzling Flash (safe; 1% risk of failure)
Confirm with . or Enter, or press ? or * to list all spells.
Aiming: Fulminant Prism (dangerous; 2% risk of failure)
Press: ? - help, Dir - move target You conjure a prism of explosive energy!
A fulminant prism comes into view.
Your fulminant prism crackles loudly.
The ogre hits you with a +0 giant club!!
Ouch! That really hurt!
* * * LOW HITPOINT WARNING * * *
Your fulminant prism explodes!
The blast of energy engulfs you!
You die...
Your body crumbles into a pile of gold.

#############..# #.#.########.#
..............>#####.#.##........
.########........................
.# #.###........#.##.#####.#
'########'####...................
............##.#####.#.##.#####..
.........รท..##............#####..
............##...................
.########.......@.O..............
.# #............##.#.##.######. .#
#.....................)..... .#
#...........[####.##.###.##. .#
#............# #.##.# #.##. .##
#............# #.##.# #.##. ..#
#............# #.##.###(###
..####.(..........####.##........
..'.........#####..##..##.##..###


You could see an ogre.

Vanquished Creatures
  A black bear (D:4)
  A sky beast (D:5)
  An ogre (D:4)
  2 centaurs
  4 elf skeletons (D:4)
  2 water moccasin zombies (Ossuary)
  3 hounds
  A human zombie (D:4)
  A gnoll shaman (D:4)
  An iguana (D:4)
  2 orc wizards
  A killer bee zombie (D:5)
  2 mummies (Ossuary)
  11 gnolls
  5 adders
  A shadow imp (D:5)
  An ufetubus (D:2)
  9 adder zombies (Ossuary)
  2 worms (D:4)
  A dart slug (D:3)
  7 orcs
  5 ball pythons
  4 endoplasms
  2 giant cockroaches
  3 gnoll zombies (Ossuary)
  7 goblins
  5 hobgoblins
  6 kobolds
  5 quokkas
  4 bats
  7 frilled lizards
  8 hobgoblin zombies (Ossuary)
  6 kobold zombies (Ossuary)
  An orc skeleton (D:4)
  3 orc zombies (Ossuary)
  4 rats
129 creatures vanquished.

Vanquished Creatures (others)
  An orc wizard (D:4)
  4 fulminant prisms
5 creatures vanquished.

Grand Total: 134 creatures vanquished

Notes
Turn   | Place    | Note
-------+----------+-------------------------------------------
     0 | D:1      | siradein the Deep Elf Conjurer began the quest for the Orb.
     0 | D:1      | Reached XP level 1. HP: 10/10 MP: 6/6
   351 | D:1      | Found a faded altar of an unknown god.
   366 | D:1      | Reached XP level 2. HP: 15/15 MP: 4/8
   372 | D:1      | Learned a level 2 spell: Searing Ray
   975 | D:2      | Reached XP level 3. HP: 19/19 MP: 2/10
  1543 | D:2      | Reached skill level 5 in Conjurations
  1839 | D:2      | Reached XP level 4. HP: 16/24 MP: 1/12
  2017 | D:2      | Learned a level 3 spell: Dazzling Flash
  2092 | D:3      | Noticed a centaur
  2098 | D:3      | Killed a centaur
  2099 | D:3      | Reached XP level 5. HP: 17/28 MP: 8/14
  2426 | D:3      | Reached skill level 5 in Spellcasting
  2784 | D:3      | Learned a level 4 spell: Fulminant Prism
  2871 | D:4      | Noticed a centaur
  2885 | D:4      | Killed a centaur
  2886 | D:4      | Reached skill level 1 in Hexes
  2886 | D:4      | Reached XP level 6. HP: 22/32 MP: 6/16
  3049 | D:4      | Identified the +1 robe of Proximity {Rampage Int+6}
  3089 | D:4      | Reached skill level 5 in Dodging
  3281 | D:4      | Reached XP level 7. HP: 24/36 MP: 3/18
  3425 | D:4      | Found a sand-covered staircase.
  3433 | Ossuary  | Entered an ossuary
  4386 | D:4      | Found a sacrificial altar of Ru.
  4513 | D:4      | Learned a level 4 spell: Iskenderun's Mystic Blast
  4643 | D:4      | Reached XP level 8. HP: 41/41 MP: 18/20
  5229 | D:5      | Entered Level 5 of the Dungeon
  5386 | D:5      | Reached skill level 5 in Hexes
  5522 | D:5      | Found a stormy altar of Qazlal.
  5656 | D:5      | Found a staircase to the Ecumenical Temple.
  5722 | Temple   | Entered the Ecumenical Temple
  6023 | Temple   | Became a worshipper of Gozag Ym Sagoz the Greedy
  6219 | D:4      | Killed by an exploding fulminant prism

Illustrated notes

Levels and vault maps discovered:
D:1:      dpeg_arrival_three_same_balls, layout_basic,
          ebering_ecumenical_altar_abandoned
D:2:      layout_basic
D:3:      layout_rooms
D:4:      layout_basic, nicolae_ru_sacrificial_ziggurat,
          nicolae_ossuary_entry_catacombs
D:5:      kennysheep_steamy, layout_basic, grunt_qazlal_clouds,
          minmay_temple_entry_stoned_glass, uniq_sigmund
Temple:   jpeg_temple_alley_garden

Skill      XL: |  1  2  3  4  5  6  7  8 |
---------------+-------------------------+-----
Dodging        | 3 4 5 6 |  6.8
Spellcasting   | 4 5 6 7 |  7.6
Conjurations   | 5 6 7 |  7.4
Hexes          | 1 2 4 5 |  5.4
Stealth        | |  2.4

Action                   |  1- 3 |  4- 6 |  7- 9 || total
-------------------------+-------+-------+-------++-------
Melee: Dagger            |       |     4 |    21 ||    25
 Cast: Magic Dart        |    59 |    38 |    46 ||   143
       Searing Ray       |     4 |    12 |    37 ||    53
       Fulminant Prism   |       |     1 |     3 ||     4
       Dazzling Flash    |       |       |     1 ||     1
  Use: Scroll            |       |       |     5 ||     5
Armor: Robe              |     3 |    13 |    11 ||    27
Dodge: Dodged            |    10 |    21 |    37 ||    68

Table legend: (Time is in decaauts)
 A = Elapsed time spent in this place.
 B = Non-inter-level travel time spent in this place.
 C = Inter-level travel time spent in this place.
 D = Time resting spent in this place.
 E = Time spent auto-exploring this place.
 F = Levels seen in this place.
 G = Mean time per level.
                   A        B        C        D        E       F      G
               +--------+--------+--------+--------+--------+-----+--------+
         Total |   6210 |   6084 |    126 |    293 |   4746 |   7 |  887.1 |
       Dungeon |   5252 |   5126 |    126 |    252 |   3979 |   5 | 1050.4 |
        Temple |    329 |    329 |      0 |      0 |    240 |   1 |  329.0 |
       Ossuary |    628 |    628 |      0 |     41 |    527 |   1 |  628.0 |
               +--------+--------+--------+--------+--------+-----+--------+

Top non-repeatable levels by time:
     D:4: 1835 daAuts
     D:2: 1296 daAuts
     D:1: 794 daAuts
     D:3: 707 daAuts
 Ossuary: 628 daAuts
     D:5: 617 daAuts
  Temple: 329 daAuts
